 Dungeon Crawl Stone Soup version 0.26-a0-808-g930a2b7adc (webtiles) character file.

Game seed: 16419107447601790337

1707 Morbidden the Magician (level 8, 0/58 HPs)
             Began as a Demonspawn Fire Elementalist on Nov 12, 2020.
             Slain by an orc
             ... wielding a +0 dagger
              (3 damage)
             ... on level 6 of the Dungeon.
             The game lasted 00:08:15 (8532 turns).

Morbidden the Magician (DsFE)                       Turns: 8532, Time: 00:08:16

Health: 0/58       AC:  4    Str:  9    XL:     8   Next: 73%
Magic:  12/19      EV: 12    Int: 19    God:
Gold:   243        SH:  0    Dex: 13    Spells: 18/22 levels left

rFire    . . .     SeeInvis .   (no weapon)
rCold    + . .     Faith    .   (no shield)
rNeg     . . .     Spirit   .   a - +0 robe
rPois    .         Reflect  .   (helmet restricted)
rElec    .         Harm     .   (no cloak)
rCorr    .         Rampage  .   c - +0 pair of gloves
MR       .....                  h - +0 pair of boots
Stlth    ++........             (no amulet)
HPRegen  0.19/turn              g - ring of protection from cold
MPRegen  0.16/turn              (no ring)

@: heavily drained
A: horns 1, demonic guardian 1
a: no special abilities


You were on level 6 of the Dungeon.
You visited 1 branch of the dungeon, and saw 6 of its levels.

You collected 243 gold pieces.

Inventory:

Missiles
 k - 4 javelins (quivered)
 l - a throwing net
 q - 19 poisoned darts
Armour
 a - a +0 robe (worn)
 c - a +0 pair of gloves (worn)
 h - a +0 pair of boots (worn)
Jewellery
 g - a ring of protection from cold (left hand)
Scrolls
 d - 9 scrolls of remove curse {unknown}
 e - a scroll of enchant armour {unknown}
 i - a scroll of enchant weapon {unknown}
 j - a scroll of noise {unknown}
 p - a scroll of teleportation {unknown}
 r - 4 scrolls of identify {unknown}
 s - a scroll of fear {unknown}
 t - 2 scrolls of immolation {unknown}
 v - 3 scrolls of amnesia {unknown}
 w - a scroll of magic mapping {unknown}
Potions
 b - 4 potions of haste
 f - 3 potions of heal wounds
 m - a potion of might {unknown}
 n - a potion of magic {unknown}
 o - 3 potions of curing {unknown}
 u - a potion of lignification {unknown}
 x - a potion of flight {unknown}
 z - a potion of brilliance {unknown}
 A - a potion of mutation {unknown}


   Skills:
 * Level 3.5(2.3) Fighting
 + Level 2.9(1.7) Dodging
 + Level 2.3(1.1) Stealth
 + Level 0.2(0.0) Unarmed Combat
 * Level 7.5(6.1) Spellcasting
 + Level 3.6(2.4) Conjurations
 + Level 1.2(0.0) Hexes
 + Level 5.1(3.8) Fire Magic


You had 18 spell levels left.
You knew the following spells:

 Your Spells              Type           Power        Failure   Level
a - Foxfire               Conj/Fire      ###.         3%          1
b - Inner Flame           Hex/Fire       ##......     14%         3

Your spell library contained the following spells:

 Spells                   Type           Power        Failure   Level
 Conjure Flame            Conj/Fire      ###.....     9%          3
 Sticky Flame             Conj/Fire      ###.....     30%         4
 Fireball                 Conj/Fire      ###.......   63%         5


Dungeon Overview and Level Annotations

Branches:
Dungeon (6/15)
 Temple: D:4-7

Altars:


Innate Abilities, Weirdness & Mutations

You have a pair of small horns on your head.
A weak demonic guardian rushes to your aid.


Message History

You see here a stone.
Unknown command.
You swap places.
Your quasit barely misses the kobold.
Your quasit claws the kobold but does no damage. x2
The kobold throws a stone.
The stone hits you.
* * * LOW HITPOINT WARNING * * *
Found a potion of haste.
You see here a stone.
Unknown command.
Your quasit barely misses the kobold.
Your quasit claws the kobold.
Your quasit barely misses the kobold.
Unknown command.
Your quasit misses the kobold.
Your quasit closely misses the kobold. x2
The kobold hits your quasit with a +0 short sword.
Your quasit bites the kobold but does no damage.
Your quasit claws the kobold but does no damage.
Your quasit misses the kobold.
The kobold hits your quasit with a +0 short sword.
The orc hits you with a +0 dagger.
You die...

#...##....# #+##
#.........#
#..####..........#
.##### #..........KK# .#
......##.###..5.....#.!.
......z#.# #(..KK.....#
....().zB# #...B......#.
.......zz# ####o........
.........# ##@..###.#
.......... #..##
.........## #.##
.......... #.#
......!... #.#
#.......... ... ... ...


You could see a big kobold, an orc, a giant cockroach, 3 kobolds and a friendly
quasit (summoned).

Vanquished Creatures
  Pikel (D:4)
  Menkaure (D:4)
  Edmund (D:4)
  An ice beast (D:4)
  A phantom (D:5)
  4 lemures (D:4)
  2 howler monkeys
  2 hounds
  A bullfrog skeleton (D:5)
  2 orc priests
  An orc wizard (D:4)
  Natasha (twice) (D:3)
  An iguana (D:5)
  2 worker ants (D:5)
  4 gnolls (D:3)
  11 adders
  2 shadow imps (D:5)
  3 oozes
  An adder skeleton (D:5)
  4 worms
  2 leopard geckos
  4 orcs
  3 ball pythons
  4 bats
  9 giant cockroaches
  10 goblins
  6 hobgoblins
  6 jackals
  11 kobolds
  2 quokkas
  7 frilled lizards
  2 quokka skeletons (D:4)
  10 rats
123 creatures vanquished.

Vanquished Creatures (collateral kills)
  Sigmund (D:3)
  An ogre (D:5)
  A centaur (D:5)
  A big kobold (D:5)
  An orc wizard (D:3)
  Natasha (D:3)
  An ooze (D:3)
  A worm (D:3)
  2 orcs (D:3)
  A quokka (D:6)
  A bat (D:3)
12 creatures vanquished.

Vanquished Creatures (others)
  724 foxfires
724 creatures vanquished.

Grand Total: 859 creatures vanquished

Notes
Turn   | Place    | Note
-------+----------+-------------------------------------------
     0 | D:1      | Morbidden the Demonspawn Fire Elementalist began the quest
                  | for the Orb.
     0 | D:1      | Reached XP level 1. HP: 13/13 MP: 3/3
   487 | D:1      | Gained mutation: You have a pair of small horns on your
                  | head. [demonic ancestry]
   487 | D:1      | Reached XP level 2. HP: 19/19 MP: 1/5
  1210 | D:1      | Reached XP level 3. HP: 24/24 MP: 1/6
  2669 | D:2      | HP: 1/25 [adder (2)]
  2695 | D:2      | Gained mutation: A weak demonic guardian rushes to your
                  | aid. [demonic ancestry]
  2695 | D:2      | Reached XP level 4. HP: 15/31 MP: 2/8
  2908 | D:2      | Reached skill level 3 in Spellcasting
  3650 | D:3      | Noticed Sigmund
  3659 | D:3      | Killed Sigmund
  3659 | D:3      | Reached skill level 1 in Fighting
  3659 | D:3      | Reached XP level 5. HP: 37/37 MP: 3/10
  3669 | D:3      | Noticed Natasha
  3680 | D:3      | Reached XP level 6. HP: 41/43 MP: 2/11
  3688 | D:3      | Killed Natasha
  3699 | D:3      | Noticed Natasha
  3712 | D:3      | Killed Natasha
  3712 | D:3      | Reached skill level 4 in Spellcasting
  4089 | D:3      | Noticed Natasha
  4097 | D:3      | Killed Natasha
  4131 | D:3      | Learned a level 3 spell: Inner Flame
  5499 | D:4      | Noticed Edmund
  5521 | D:4      | Killed Edmund
  5655 | D:4      | Reached XP level 7. HP: 47/51 MP: 9/13
  6047 | D:4      | Noticed Pikel
  6066 | D:4      | Killed Pikel
  6066 | D:4      | Reached skill level 5 in Spellcasting
  6075 | D:4      | Reached skill level 1 in Hexes
  6354 | D:4      | You fall into a shaft and drop 1 floor!
  6354 | D:5      | Entered Level 5 of the Dungeon
  6385 | D:5      | Reached XP level 8. HP: 49/58 MP: 11/16
  6388 | D:5      | Reached skill level 6 in Spellcasting
  6708 | D:4      | Noticed Menkaure
  6719 | D:4      | Killed Menkaure
  7733 | D:5      | Reached skill level 7 in Spellcasting
  7787 | D:5      | Reached skill level 5 in Fire Magic
  8523 | D:6      | HP: 2/58 [orc/+0 dagger (1)]
  8532 | D:6      | Slain by an orc

Illustrated notes

Levels and vault maps discovered:
D:1:      giann_bridges, layout_basic
D:2:      layout_loops_ring
D:3:      layout_basic, uniq_natasha, uniq_sigmund
D:4:      layout_loops_cross, minmay_misc_feat_x, uniq_edmund, uniq_menkaure,
          uniq_pikel
D:5:      layout_rooms, minmay_puff
D:6:      layout_rooms, grunt_dithmenos_smoke, led_sif_book,
          makhleb_altar_promises_db, temple_green, hangedman_decor_peaks_small

Skill      XL: |  1  2  3  4  5  6  7  8 |
---------------+-------------------------+-----
Dodging        | 2 |  2.9
Fire Magic     | 3 4 5 |  5.1
Spellcasting   | 3 4 5 7 |  7.5
Fighting       | 1 2 3 |  3.5
Conjurations   | 2 3 |  3.6
Stealth        | 2 |  2.3
Hexes          | 1 |  1.2
Unarmed Combat | |  0.2

Action                   |  1- 3 |  4- 6 |  7- 9 || total
-------------------------+-------+-------+-------++-------
Melee: Unarmed           |    31 |    30 |     8 ||    69
       Headbutt          |     5 |     7 |     2 ||    14
Throw: Javelin           |       |     8 |       ||     8
 Cast: Foxfire           |   100 |   193 |   165 ||   458
       Inner Flame       |       |     2 |    18 ||    20
  Use: Potion            |     2 |       |       ||     2
Armor: Robe              |    40 |    30 |    16 ||    86
Dodge: Dodged            |    70 |    75 |    56 ||   201

Table legend: (Time is in decaauts)
 A = Elapsed time spent in this place.
 B = Non-inter-level travel time spent in this place.
 C = Inter-level travel time spent in this place.
 D = Time resting spent in this place.
 E = Time spent auto-exploring this place.
 F = Levels seen in this place.
 G = Mean time per level.
                   A        B        C        D        E       F      G
               +--------+--------+--------+--------+--------+-----+--------+
         Total |   8528 |   8368 |    160 |    629 |   6308 |   6 | 1421.3 |
       Dungeon |   8528 |   8368 |    160 |    629 |   6308 |   6 | 1421.3 |
               +--------+--------+--------+--------+--------+-----+--------+

Top non-repeatable levels by time:
     D:2: 1999 daAuts
     D:3: 1857 daAuts
     D:1: 1637 daAuts
     D:5: 1525 daAuts
     D:4: 1478 daAuts
     D:6: 29 daAuts
